Map: 로맨티사이드 - 래더

Players

McMonroe

  • Race: Zerg Zerg
  • Spawn Location: 11:00

DestroyingKR - Winner!

  • Race: Terran Terran
  • League: Master
  • Spawn Location: 5:00

VOD

Have the link to the VOD?

Description

Time

  • Played on: Jan. 29, 2021, 12:24 a.m.
  • Length: 22:21
Show
View Real Time Build Order
Export as new Build Order

McMonroe Zerg 

Build Orders: Hatch First 

Get SALT Encoding   

  12  0:00  Drone  
  13  0:13  Overlord  
  13  0:17  Drone  
  14  0:31  Drone x2  
  16  0:51  Hatchery  
  16  0:52  Drone  
  16  0:55  Drone  
  17  0:58  Drone  
  18  1:09  Extractor  
  17  1:14  Spawning Pool  
  17  1:16  Drone  
  17  1:20  Drone  
  18  1:28  Drone  
  19  1:39  Drone  
  20  1:50  Drone  
  21  2:02  Queen  
  21  2:03  Zergling x4, Queen  
  27  2:15  Hatchery  
  26  2:19  Overlord  
  26  2:23  Drone  
  27  2:30  Drone  
  27  2:36  Metabolic Boost  
  28  2:42  Drone x2  
  28  2:43  Drone  
  31  2:47  Overlord  
  31  2:50  Queen  
  33  2:55  Drone x2  
  33  2:58  Drone  
  36  3:06  Drone  
  37  3:15  Drone x2  
  37  3:17  Overlord  
  37  3:19  Drone x3  
  42  3:26  Queen  
  44  3:27  Queen  
  44  3:29  Drone  
  44  3:32  Overlord  
  47  3:36  Drone  
  47  3:39  Zergling x2  
  49  3:43  Zergling x4  
  49  3:44  Zergling x6  
  54  3:50  Overlord  
  54  3:53  Drone x2  
  56  3:58  Drone x2  
  56  3:59  Drone x2  
  56  4:02  Drone  
  61  4:05  Queen  
  61  4:08  Queen  
  65  4:12  Overlord  
  65  4:15  Overlord  
  65  4:16  Drone  
  66  4:18  Drone  
  66  4:22  Spore Crawler  
  66  4:24  Spore Crawler  
  66  4:26  Drone x2  
  66  4:27  Spore Crawler  
  66  4:36  Drone  
  66  4:37  Drone x6  
  73  4:42  Zergling x8  
  66  5:01  Zergling x14  
  66  5:04  Queen x2  
  63  5:16  Zergling x6  
  65  5:26  Zergling x6  
  67  5:32  Extractor  
  67  5:34  Extractor  
  63  5:36  Drone x2  
  63  5:39  Hatchery  
  61  5:47  Lair  
  61  5:49  Zergling x4  
  59  5:50  Zergling x6  
  59  5:52  Drone  
  60  5:58  Hatchery  
  60  6:00  Drone  
  52  6:06  Drone x2  
  52  6:08  Evolution Chamber x2  
  52  6:12  Drone  
  52  6:13  Drone x2  
  52  6:16  Drone x2, Baneling Nest  
  56  6:22  Drone x3  
  59  6:31  Drone x2  
  61  6:34  Queen  
  63  6:43  Drone x2  
  65  6:49  Zerg Melee Weapons Level 1, Zerg Ground Armor Level 1  
  65  6:50  Drone  
  66  6:54  Drone x2  
  66  6:57  Hydralisk Den, Queen  
  66  6:59  Drone, Centrifical Hooks  
  66  7:00  Queen  
  71  7:14  Overlord  
  70  7:17  Drone x5  
  73  7:25  Queen  
  73  7:27  Overlord  
  75  7:30  Drone x4  
  75  7:34  Zergling x2  
  80  7:40  Zergling x4  
  80  7:41  Muscular Augments  
  80  7:43  Zergling x4  
  84  7:48  Overseer  
  84  7:51  Zergling x8  
  86  7:54  Overlord x2  
  84  8:10  Overlord x2  
  84  8:11  Zergling x14  
  91  8:16  Drone x6  
  97  8:23  Overlord x2  
  97  8:25  Baneling x6  
  97  8:27  Overlord x2  
  97  8:30  Drone x2  
  99  8:35  Infestation Pit, Extractor  
  99  8:36  Overlord x2  
  99  8:38  Drone  
  99  8:39  Drone  
  99  8:44  Hydralisk x4  
  107  8:54  Hydralisk x3  
  113  8:56  Hatchery  
  112  9:03  Drone x9  
  112  9:07  Extractor x2  
  112  9:08  Zerg Ground Armor Level 2  
  118  9:17  Baneling x3  
  118  9:18  Zergling x12  
  118  9:19  Zergling x4  
  120  9:27  Zergling x8  
  109  9:36  Baneling x4  
  109  9:37  Zergling x20  
  119  9:42  Baneling x8  
  119  9:45  Zergling x10  
  120  9:52  Zerg Melee Weapons Level 2  
  116  9:54  Zergling x6  
  116  9:59  Zergling x2  
  111  10:02  Baneling x2  
  111  10:03  Hydralisk, Baneling x3  
  111  10:04  Zergling x2, Hydralisk  
  111  10:05  Zergling x14  
  119  10:09  Zergling x6  
  119  10:10  Baneling  
  119  10:11  Baneling x3  
  120  10:16  Baneling x3  
  120  10:17  Zergling x12, Baneling  
  122  10:25  Zergling x4  
  115  10:32  Zergling x22  
  109  10:38  Hydralisk x2  
  109  10:41  Grooved Spines  
  111  10:43  Hive  
  111  10:44  Hydralisk x2  
  111  10:45  Zergling x4  
  116  10:51  Zergling x10  
  116  10:54  Baneling x6  
  121  10:58  Zergling x10  
  121  11:00  Baneling x2  
  121  11:01  Baneling x3  
  121  11:03  Zergling x4  
  128  11:05  Baneling  
  128  11:06  Baneling x2  
  132  11:11  Zergling x14  
  112  11:19  Zergling x14  
  112  11:21  Baneling x6  
  112  11:24  Zergling x6  
  112  11:25  Zergling x2  
  122  11:31  Zergling x8  
  113  11:36  Overseer  
  113  11:37  Hydralisk x3  
  116  11:43  Zergling x6  
  116  11:44  Baneling x8  
  116  11:45  Baneling  
  119  11:49  Zergling x8  
  123  11:56  Hydralisk, Viper  
  123  11:59  Baneling x2  
  128  12:02  Hydralisk  
  128  12:03  Zergling x8  
  128  12:06  Baneling x2  
  128  12:07  Baneling  
  133  12:10  Zergling x10  
  133  12:14  Zergling x12  
  123  12:20  Zergling x10  
  119  12:23  Overseer  
  119  12:25  Baneling  
  119  12:26  Baneling x7  
  119  12:27  Zergling x6  
  120  12:31  Zergling x8  
  124  12:37  Zergling x4  
  124  12:41  Zergling x12  
  124  12:42  Baneling  
  124  12:43  Baneling x4  
  132  12:45  Zergling x2  
  132  12:51  Zergling x8  
  136  12:55  Baneling x8  
  136  12:57  Hydralisk  
  136  12:58  Hydralisk  
  109  13:15  Hydralisk  
  109  13:16  Hydralisk x5, Hatchery  
  109  13:17  Zergling x2  
  121  13:26  Baneling  
  118  13:27  Baneling x11  
  118  13:30  Zergling x2  
  118  13:31  Zergling x12  
  125  13:36  Zerg Missile Weapons Level 1  
  125  13:37  Zergling x2  
  125  13:38  Zergling x6  
  129  13:45  Zergling x14  
  136  13:55  Zerg Ground Armor Level 3  
  136  13:56  Zergling x8  
  136  13:59  Baneling x6  
  140  14:09  Zergling x18  
  142  14:15  Zergling x10  
  140  14:20  Zergling x8  
  140  14:22  Viper  
  147  14:25  Overseer  
  147  14:29  Overseer  
  147  14:32  Baneling x9  
  147  14:36  Zergling x4  
  147  14:37  Zergling x10  
  150  14:45  Zergling x16  
  149  14:58  Viper  
  136  15:00  Zergling x26  
  136  15:02  Baneling x3  
  136  15:03  Baneling x2  
  149  15:16  Hydralisk x2  
  149  15:19  Hatchery  
  152  15:23  Hydralisk x4  
  152  15:27  Baneling x6  
  160  15:32  Zergling x6  
  160  15:34  Baneling x7  
  163  15:41  Zergling x4  
  160  15:43  Baneling x9  
  156  15:58  Zergling x4  
  158  16:05  Hatchery  
  157  16:14  Spawning Pool  
  156  16:19  Overlord x4  
  156  16:20  Overlord  
  156  16:22  Hydralisk  
  156  16:25  Overlord  
  158  16:28  Overlord  
  158  16:34  Overlord x2  
  158  16:36  Overseer  
  158  16:43  Hydralisk x2  
  158  16:45  Hydralisk  
  164  16:52  Baneling x9, Hatchery  
  163  17:06  Drone x9  
  172  17:27  Zerg Missile Weapons Level 2, Zerg Melee Weapons Level 3  
  164  17:33  Zergling x22  
  157  17:48  Zergling x22  
  144  17:54  Zergling x10  
  144  17:58  Zergling x6  
  134  18:00  Baneling  
  134  18:02  Zergling x2  
  134  18:04  Baneling x4  
  131  18:07  Zergling x4  
  131  18:09  Zergling x2  
  131  18:10  Zergling x2  
  118  18:18  Zergling x12  
  113  18:23  Zergling x6  
  99  18:36  Drone x4, Hatchery  
  102  18:48  Zergling x16  
  110  18:49  Baneling x3  
  110  18:50  Baneling  
  108  19:00  Baneling x14  
  108  19:04  Pathogen Glands  
  108  19:15  Zergling x14  
  115  19:24  Baneling  
  115  19:25  Baneling x13  
  115  19:32  Zergling x8  
  115  19:33  Zergling x2  
  120  19:41  Zergling x6  
  120  19:42  Zergling x6  
  93  19:54  Zergling x16  
  99  20:05  Zergling x14  
  100  20:07  Hydralisk  
  100  20:11  Hydralisk  
  94  20:15  Hydralisk x2  
  94  20:18  Baneling x4  
  98  20:21  Hydralisk  
  98  20:26  Hydralisk  
  98  20:27  Hydralisk  
  104  20:32  Baneling x10  
  104  20:40  Hydralisk x3  
  110  20:50  Hydralisk x4  
  110  20:52  Hydralisk  
  110  20:56  Infestor x2  
  124  21:01  Baneling x9  
  122  21:07  Overseer x3  
  122  21:10  Infestor  
  122  21:11  Infestor x2  
  124  21:14  Zergling x6  
  131  21:25  Hatchery  
  131  21:31  Zergling x10  
  131  21:32  Zergling x2  
  115  21:53  Zergling x20  
Show
View Real Time Build Order
Export as new Build Order

DestroyingKR Terran - Winner!

Build Orders: Hellion Opening, Reaper Expand 

Get SALT Encoding   

  12  0:00  SCV  
  13  0:12  SCV  
  14  0:17  Supply Depot  
  14  0:24  SCV  
  15  0:39  Barracks, SCV  
  16  0:44  Refinery  
  16  0:51  SCV  
  17  1:03  SCV  
  18  1:15  SCV  
  19  1:28  Reaper, Orbital Command  
  20  1:39  Command Center  
  20  1:48  Supply Depot  
  20  1:54  SCV  
  21  2:00  Marine  
  22  2:06  SCV  
  23  2:09  Factory  
  23  2:14  Refinery  
  23  2:18  SCV  
  23  2:22  Barracks Reactor  
  24  2:30  SCV  
  25  2:42  SCV  
  26  2:52  Orbital Command  
  26  2:54  SCV  
  26  2:58  Starport  
  27  3:06  Hellion x2, SCV  
  27  3:08  Marine  
  33  3:18  SCV  
  34  3:20  SCV  
  34  3:26  Marine  
  36  3:28  Hellion x2  
  36  3:30  SCV  
  36  3:33  SCV  
  42  3:34  Supply Depot  
  42  3:37  Medivac  
  42  3:41  Armory  
  44  3:43  SCV  
  44  3:45  SCV  
  46  3:55  Marine  
  46  3:56  SCV  
  46  3:58  Supply Depot  
  46  3:59  Hellion x2  
  52  4:04  SCV  
  52  4:08  SCV  
  54  4:21  SCV x2  
  56  4:24  Command Center  
  56  4:28  Barracks Tech Lab  
  56  4:29  Liberator  
  59  4:35  SCV  
  59  4:36  Supply Depot  
  60  4:57  SCV  
  60  5:01  Marine  
  60  5:02  Widow Mine x2  
  60  5:05  Engineering Bay  
  60  5:06  Engineering Bay  
  64  5:07  SCV  
  64  5:08  Supply Depot  
  64  5:09  Supply Depot  
  64  5:11  Barracks x2, SCV  
  63  5:16  Medivac  
  63  5:19  Stimpack, Marine  
  66  5:23  Refinery  
  66  5:24  Refinery  
  66  5:27  SCV  
  66  5:34  Widow Mine x2  
  70  5:36  Orbital Command  
  70  5:37  Marine  
  68  5:43  SCV x2  
  70  5:55  Marine  
  67  6:00  Widow Mine x2  
  67  6:01  Barracks Reactor  
  67  6:02  Barracks Reactor  
  67  6:03  SCV  
  66  6:08  Barracks  
  66  6:10  Barracks  
  66  6:12  SCV  
  66  6:14  Terran Infantry Weapons Level 1, Terran Infantry Armor Level 1  
  66  6:18  Medivac  
  69  6:20  SCV  
  69  6:23  Marine  
  71  6:28  Widow Mine x2  
  71  6:31  SCV x2  
  76  6:37  Factory  
  76  6:38  Barracks  
  76  6:39  Barracks  
  76  6:41  Marine, SCV  
  76  6:43  SCV x2  
  76  6:44  Marine x2  
  76  6:45  Supply Depot, Marine x2  
  84  6:53  SCV  
  84  6:54  Armory  
  85  6:55  Starport Reactor  
  85  7:00  Marine x2  
  87  7:05  SCV  
  88  7:09  Marine x3  
  87  7:16  Orbital Command  
  87  7:19  Combat Shield  
  87  7:22  SCV  
  86  7:25  SCV  
  86  7:28  Supply Depot  
  83  7:30  Supply Depot, Barracks Reactor x2, Barracks Tech Lab  
  83  7:31  Supply Depot, Factory Tech Lab, Barracks Tech Lab  
  83  7:36  SCV  
  85  7:37  SCV  
  85  7:38  Marine x2  
  85  7:41  Widow Mine x2  
  85  7:42  Marine x3  
  93  7:48  SCV  
  93  7:50  Siege Tank  
  97  7:51  Drilling Claws  
  97  8:00  Marauder  
  95  8:07  Marine x2, SCV  
  95  8:12  Marine x4  
  95  8:18  Marine x4  
  102  8:20  Supply Depot x2, Widow Mine x2  
  102  8:22  Marauder, Terran Infantry Weapons Level 2  
  106  8:29  Terran Infantry Armor Level 2  
  106  8:32  Refinery  
  106  8:33  Refinery  
  106  8:34  Medivac  
  106  8:36  SCV  
  106  8:37  SCV  
  106  8:38  Marine x4  
  106  8:40  SCV  
  106  8:41  Supply Depot  
  115  8:42  Medivac  
  117  8:50  SCV  
  117  8:53  Marine x2  
  117  8:54  Supply Depot, Marauder, Marine x3  
  117  8:55  Supply Depot, Marauder  
  127  8:58  SCV x2  
  129  9:04  Widow Mine x2, Terran Vehicle Weapons Level 1  
  129  9:07  Marine  
  129  9:08  Marine x3  
  137  9:10  Siege Tank  
  137  9:11  Marine x3  
  137  9:12  Marine  
  127  9:33  Marine  
  127  9:34  Marine x8  
  127  9:35  Marauder x2  
  127  9:38  Medivac x2  
  144  9:44  Widow Mine x2  
  142  9:54  Marine  
  142  9:55  Marine x7  
  142  9:56  Marauder x3  
  135  10:08  Medivac x2  
  134  10:15  Supply Depot, Command Center  
  134  10:16  Supply Depot  
  132  10:28  Marine  
  117  10:39  Marine x6  
  117  10:40  Marauder x3  
  124  10:43  Terran Infantry Weapons Level 3  
  124  10:45  Medivac x2  
  124  10:47  Siege Tank  
  124  10:48  Widow Mine x2  
  133  10:57  Marine  
  133  10:58  Marine x6  
  133  10:59  Marine, Barracks  
  133  11:01  Marauder  
  133  11:02  Marauder, SCV  
  134  11:26  Marine  
  134  11:30  Marine x4  
  134  11:31  Marauder x2, Marine x4  
  129  11:40  SCV  
  130  11:48  Marine  
  130  11:49  Marauder, Marine x4  
  130  11:53  Marauder, Widow Mine  
  141  11:55  Marine x2  
  141  11:56  Marauder, Marine  
  141  11:57  Barracks Tech Lab  
  146  12:02  SCV  
  146  12:06  Marine x2  
  149  12:11  Marauder  
  149  12:14  Marauder  
  134  12:21  Marine x3  
  134  12:22  Marine x5  
  135  12:24  Medivac x2, Marine x2  
  135  12:29  SCV  
  141  12:32  Marine  
  141  12:35  Marauder, SCV  
  145  12:43  SCV  
  146  12:47  Marine x3  
  146  12:48  Marauder x2, Marine x5  
  146  12:50  Marauder  
  160  12:51  SCV  
  160  12:57  Marauder  
  149  13:09  Medivac x2  
  127  13:18  Marine  
  127  13:19  Marauder, Marine x2  
  119  13:27  SCV x2  
  119  13:30  Terran Infantry Armor Level 3  
  123  13:34  Widow Mine x2  
  123  13:39  Medivac x2, Marine  
  123  13:40  Marauder, Marine x2  
  134  13:43  Siege Tank  
  134  13:46  Planetary Fortress  
  137  13:55  Marauder, Marine x4  
  144  13:56  Marauder x2  
  147  14:09  Medivac x2  
  134  14:13  Marine  
  134  14:14  Marine x8  
  134  14:16  Marine x2  
  124  14:17  Marauder  
  126  14:31  Marine x2  
  126  14:32  Marauder, Marine x2  
  126  14:35  Marauder x2  
  126  14:37  Marine x4  
  138  14:38  Marauder  
  140  14:49  Marine x3  
  140  14:50  Orbital Command  
  135  14:54  Marauder  
  135  14:56  Marauder x2  
  136  15:12  Marine x2  
  138  15:19  Marine  
  138  15:20  Marauder, Marine x4  
  138  15:21  Marauder, Medivac  
  147  15:22  Medivac, Marine x2  
  147  15:23  Marauder  
  147  15:27  Siege Tank  
  158  15:30  Marine  
  158  15:31  Marine  
  160  15:37  Marine  
  160  15:41  Marauder  
  160  15:42  Marauder  
  145  16:01  Marauder, Marine x2  
  147  16:12  Marauder x2, Marine x6  
  147  16:13  Marauder  
  147  16:16  Terran Vehicle Weapons Level 2  
  147  16:18  Supply Depot  
  149  16:19  Marine x2  
  149  16:23  Marauder, Siege Tank  
  149  16:24  Widow Mine x2  
  150  16:34  Marauder  
  150  16:36  Medivac x2  
  150  16:39  Marine  
  156  16:40  Marauder x2, Marine x7  
  156  16:44  Marauder  
  170  16:55  Marauder  
  170  16:57  Marine  
  170  17:00  Marine x3  
  170  17:01  Marine x3  
  175  17:02  Marauder x2  
  175  17:05  Marine  
  175  17:06  Marauder, Medivac x2  
  188  17:09  Supply Depot  
  188  17:15  Marine  
  184  17:31  Siege Tank  
  184  17:32  Marine  
  184  17:33  Marauder x4, Marine x3  
  153  17:51  Marine x2  
  153  17:52  Medivac  
  153  17:54  Marauder  
  154  18:10  Marine x4  
  154  18:11  Marauder x3, Marine x3  
  146  18:16  Marauder  
  120  18:29  Marine x4, Siege Tank  
  120  18:30  Marine x4  
  120  18:32  Marauder  
  120  18:33  Marauder x2  
  135  18:50  Marine x4  
  135  18:51  Marauder  
  135  18:54  Command Center  
  141  18:56  Medivac  
  141  18:57  Medivac  
  145  19:04  Marine  
  146  19:14  Marine x4  
  146  19:15  Marauder x2, Marine x2  
  156  19:23  Widow Mine x2  
  160  19:35  Marine  
  160  19:36  Marauder x2, Marine x3  
  160  19:37  Marauder  
  159  19:49  Marine  
  129  19:56  Medivac x2  
  124  20:09  Marauder, Marine x4  
  124  20:10  Marauder  
  119  20:15  Marine x4  
  119  20:16  Marauder  
  125  20:25  Planetary Fortress  
  125  20:26  Medivac x2  
  125  20:28  Marauder, Marine x2  
  132  20:31  Marauder  
  132  20:35  Marine x3  
  135  20:36  Marauder, Marine  
  141  20:54  Marine x2  
  141  20:55  Marauder  
  141  20:56  Widow Mine, Siege Tank  
  150  21:00  Marine  
  150  21:01  Marine x4  
  150  21:02  Marauder  
  150  21:04  Widow Mine  
  159  21:18  Widow Mine  
  159  21:27  Marine x3  
  159  21:28  Siege Tank  
  165  21:46  Marine x2  
  165  21:47  Marauder  
  162  21:48  Marine  
  162  21:49  Marauder, Marine x5  
  162  21:50  Marauder x2  
  162  21:51  Widow Mine x2, Medivac x2  
Tags
 
Add a new tag
Caveats
  • Supply blocks, unpowered buildings, or Contaminate may cause inaccurate times.
  • Supply counts are checked every 10 seconds.